 Dungeon Crawl Stone Soup version 0.30.1-11-g7821555f0a (webtiles) character file.

Game seed: 1064233474242748403

18 HakonGodeson the Firebug (level 2, -3/20 HPs)
             Began as a Hill Orc Fire Elementalist on Dec 11, 2023.
             Slain by an adder (4 damage)
             ... on level 2 of the Dungeon.
             The game lasted 00:02:41 (361 turns).

HakonGodeson the Firebug (HOFE)                      Turns: 361, Time: 00:02:42

Health: -3/20      AC:  2    Str: 10    XL:     2   Next: 66%
Magic:  0/4        EV: 12    Int: 15    God:
Gold:   34         SH:  0    Dex: 11    Spells: 1/4 levels left

rFire   . . .        (no weapon)
rCold   . . .        (no shield)
rNeg    . . .        a - +0 robe
rPois   .            (no helmet)
rElec   .            (no cloak)
rCorr   .            (no gloves)
SInv    .            (no boots)
Will    .....        (no amulet)
Stlth   ++           (no ring)
HPRegen 0.23/turn    (no ring)
MPRegen 0.09/turn

%: no passive effects
@: no status effects
A: no striking features
a: no special abilities


You were on level 2 of the Dungeon.
You visited 1 branch of the dungeon, and saw 2 of its levels.

You collected 34 gold pieces.

Inventory:

Armour
 a - a +0 robe (worn)
Scrolls
 c - 2 scrolls of identify {unknown}


   Skills:
 * Level 0.2 Fighting
 * Level 0.3 Armour
 * Level 1.6 Dodging
 * Level 1.7 Stealth
 * Level 1.6 Spellcasting
 * Level 1.2 Conjurations
 * Level 3.8 Fire Magic


You had one spell level left.
You knew the following spells:

 Your Spells              Type           Power      Damage    Failure   Level
a - Foxfire               Conj/Fire      32%        2x1d5     9%          1
b - Scorch                Fire           24%        2d6       7%          2

Your spell library contained the following spells:

 Spells                   Type           Power      Damage    Failure   Level
 Inner Flame              Hex/Fire       7%         N/A       30%         3
 Volatile Blastmotes      Fire/Tloc      14%        2d11      30%         3
 Flame Wave               Conj/Fire      8%         2d5       63%         4


Dungeon Overview and Level Annotations

Branches:
Dungeon (2/15)

Altars:


Message History

The foxfire hits the adder.
The adder is almost dead.
The adder closely misses you. x2
The adder attacks as you move away! The adder misses you.
The adder closely misses you. The adder barely misses you.
The adder attacks as you move away! The adder bites you. The adder bites you.
You are poisoned.
The adder poisons you!
Unknown command.
You feel sick.
You feel sick.
Casting: Foxfire (safe; 9% risk of failure)
Confirm with . or Enter, or press ? or * to list all spells.
You miscast Foxfire.
You are very lightly contaminated with residual magic.
Nothing appears to happen.
You feel sick. The adder closely misses you.
The adder bites you but does no damage.
Unknown command.
You feel sick. The adder bites you.
You are more poisoned.
The adder poisons you!
You aren't carrying any potions.
You feel sick. The adder closely misses you.
The adder attacks as you move away! The adder barely misses you.
You feel sick. The adder bites you but does no damage.
You feel sick.
You see here a giant cockroach corpse.
The adder attacks as you move away! The adder closely misses you.
You feel sick. The adder attacks as you move away! The adder bites you.
* * * LOW HITPOINT WARNING * * *
x2 You feel sick.
Your magical contamination has completely faded away.
The adder attacks as you move away! The adder misses you.
* * * LOW HITPOINT WARNING * * *
You feel sick.
You are no longer poisoned.
The adder bites you.
You die...

#.# #.# #.# ######.# +# #
......# .#.#
##.##.#########.#.#
#.....#....>......
#..#.......####.#
###..#.....@......#
#<...#.....S......#####
#.#.....#..............
............##†.....####
###..........#+..........
...##########...##.####
..>.# .........+ ...
.....# ######...# .###
......# ##.......#


You could see an adder.

Vanquished Creatures
  2 endoplasms (D:1)
  3 giant cockroaches
  A goblin (D:1)
  4 hobgoblins
  A ball python (D:1)
  3 bats (D:1)
  A frilled lizard (D:1)
15 creatures vanquished.

Vanquished Creatures (others)
  35 foxfires
35 creatures vanquished.

Grand Total: 50 creatures vanquished

Notes
Turn   | Place    | Note
-------+----------+-------------------------------------------
     0 | D:1      | HakonGodeson the Hill Orc Fire Elementalist began the quest
                  | for the Orb.
     0 | D:1      | Reached XP level 1. HP: 14/14 MP: 3/3
   166 | D:1      | Reached XP level 2. HP: 16/20 MP: 0/4
   170 | D:1      | Learned a level 2 spell: Scorch
   361 | D:2      | HP: 1/20 [poisoned by an adder]
   361 | D:2      | Slain by an adder

Illustrated notes

Levels and vault maps discovered:
D:1:      eino_arrival_water_cross, layout_basic, minmay_tetromino_l2
D:2:      layout_basic, uniq_crazy_yiuf_cottage, uniq_sigmund

Action                     || total
---------------------------++-------
  Melee: Unarmed           ||     2
   Cast: Foxfire           ||    20
         Scorch            ||     5
    Use: Potion            ||     1
 Armour: Robe              ||     9
  Dodge: Dodged            ||    39
